 Dungeon Crawl Stone Soup version 0.31-a0-716-gc7603755dd (webtiles) character file.

Game seed: 4559657799681758834

11778 Joey1 the Severer (level 11, 0/99 HPs)
             Began as a Minotaur Berserker on Sept 10, 2023.
             Was a High Priest of Trog.
             Slain by a white ugly thing (27 damage)
             ... in an ice cave.
             The game lasted 00:21:50 (10115 turns).

Joey1 the Severer (Minotaur Berserker)             Turns: 10115, Time: 00:21:51

Health: 0/99       AC: 20    Str: 26    XL:     11   Next: 53%
Magic:  10/10      EV:  9    Int:  4    God:    Trog [*****.]
Gold:   552        SH:  0    Dex:  9    Spells: 10/10 levels left

rFire   . . .        A - +1 war axe (heavy)
rCold   . . .        (no shield)
rNeg    . . .        F - +0 plate armour
rPois   +            (helmet restricted)
rElec   +            R - +2 cloak "Qiryazis" {Rampage rElec rPois Regen+ Dex-4}
rCorr   .            l - +2 pair of gloves {Dex+3}
SInv    .            h - +0 pair of boots
Will    .....        b - amulet of the acrobat Stlth
                     (no ring)
HPRegen 1.16/turn    (no ring)
MPRegen 0.12/turn

%: acrobat, rampage
@: no status effects
A: horns 2, retaliatory headbutt
a: Renounce Religion, Berserk, Trog's Hand, Brothers in Arms


You were in an ice cave.
You worshipped Trog.
Trog was extremely pleased with you.
You visited 1 branch of the dungeon, and saw 11 of its levels.
You also visited: Ossuary, Bailey and Ice Cave.

You collected 625 gold pieces.
You spent 73 gold pieces at shops.

Inventory:

Hand Weapons
 a - a +0 hand axe
 t - a +0 war axe of venom
 A - a +1 heavy war axe (weapon)
 B - a +0 morningstar
 J - a +5 scimitar of flaming
 L - a +4 war axe
 N - a +4 flail
Missiles
 P - 5 poisoned darts
 U - a throwing net
Armour
 h - a +0 pair of boots (worn)
 l - a +2 pair of gloves of dexterity (worn)
 F - a +0 plate armour (worn)
 K - +0 swamp dragon scales
 R - the +2 cloak "Qiryazis" (worn) {Rampage rElec rPois Regen+ Dex-4}
   (You acquired it in a bailey)

   Dex-4:     It affects your dexterity (-4).
   rElec:     It insulates you from electricity.
   rPois:     It protects you from poison Regen+: It increases your rate of
   health regeneration.
   Rampage:   It bestows one free step when moving towards enemies.
Jewellery
 b - an amulet of the acrobat (around neck)
 S - a ring of see invisible
Wands
 v - a wand of roots (26)
 w - a wand of charming (27)
 x - a wand of polymorph (11)
 y - a wand of mindburst (21)
Scrolls
 d - 3 scrolls of fog
 f - 10 scrolls of enchant armour
 i - 7 scrolls of enchant weapon
 j - a scroll of revelation
 n - 2 scrolls of silence {unknown}
 o - 2 scrolls of fear {unknown}
 r - 5 scrolls of amnesia
 s - a scroll of blinking {unknown}
 C - 2 scrolls of teleportation
 T - a scroll of noise {unknown}
Potions
 c - 4 potions of mutation
 e - 6 potions of heal wounds
 g - 4 potions of degeneration
 k - 9 potions of curing
 m - 2 potions of invisibility
 p - a potion of attraction {unknown}
 q - 2 potions of lignification {unknown}
 u - 2 potions of enlightenment {unknown}
 z - a potion of ambrosia {unknown}
 D - 5 potions of might
 E - 4 potions of cancellation
 G - a potion of brilliance {unknown}
 H - 2 potions of berserk rage {unknown}
 I - a potion of experience
 M - a potion of resistance {unknown}
 O - 2 potions of magic {unknown}
 Q - 4 potions of haste


   Skills:
 - Level 10.0 Fighting
 - Level 18.0 Axes
 + Level 5.7 Armour
 + Level 6.7 Dodging


You had 10 spell levels left.
You didn't know any spells.
Your spell library was empty.

Dungeon Overview and Level Annotations

Branches:
Dungeon (11/15)            Temple (0/1) D:4            Lair (0/5) D:11
Ossuary (visited)          Bailey (visited)           IceCv (1/1)
    Orc: D:9-12

Altars:
Ashenzari
Elyvilon
Gozag
Hepliaklqana
Kikubaaqudgha
Makhleb
Qazlal
Ru
Vehumet
Xom
Yredelemnul
Jiyva

Shops:
D:6 *   D:7 :

Annotations:
D:7 1 runed translucent door, Crazy Yiuf
D:8 3 runed translucent doors, randomguy2701's ghost, novice HOFi


Innate Abilities, Weirdness & Mutations

You have a pair of horns on your head.
You reflexively headbutt those who attack you in melee.


Message History

The ufetubus barely misses you.
You slice the ufetubus!!
You kill the ufetubus!
Trog accepts your kill.
You barely miss the ice devil.
The ice devil hits you but does no damage.
You barely miss the ice devil.
The ice devil is moderately wounded.
A white ugly thing comes into view.
The ice devil hits you but does no damage.
You barely miss the two-headed ogre simulacrum.
The two-headed ogre simulacrum is severely damaged.
The white ugly thing gurgles horribly!
You slash the ice devil!
The two-headed ogre simulacrum hits you.
The two-headed ogre simulacrum freezes you!!
The two-headed ogre simulacrum hits you!
The two-headed ogre simulacrum freezes you!!
* * * LOW HITPOINT WARNING * * *
The ice devil hits you but does no damage.
You slice the ice devil!!
You kill the ice devil!
Trog accepts your kill.
You hit the two-headed ogre simulacrum.
You hit the two-headed ogre simulacrum but do no damage.
The two-headed ogre simulacrum is severely damaged.
The two-headed ogre simulacrum hits you but does no damage.
The two-headed ogre simulacrum barely misses you.
You open the two-headed ogre simulacrum like a pillowcase!!!
The two-headed ogre simulacrum vaporises!
Trog accepts your kill.
The wolf simulacrum bites you but does no damage.
You barely miss the wolf simulacrum.
The wolf simulacrum bites you but does no damage. x2
Your ogre goes berserk!
The wolf simulacrum bites you but does no damage.
The white ugly thing bites you.
* * * LOW HITPOINT WARNING * * *
The white ugly thing freezes you!!
You die...

.#######.°###......#
## #.. #.......# ##.
##.....## .. #....##
.# ##..## .. #...##
##...# #..## ##@.#
#Zu# #.O# #.......#
#...##..# #..## .#
##.# #.. ...


You could see a white ugly thing (ally target), a wolf simulacrum and a friendly
ogre (summoned, berserk).

Vanquished Creatures
  Erica (D:8)
  Pikel (D:7)
  2 ice statues (IceCv)
  A gargoyle (D:10)
  A kobold demonologist (D:8)
  Psyche (D:8)
  Maggie (D:8)
  2 ice devils (IceCv)
  2 trolls
  Grinder (D:6)
  Prince Ribbit (D:6)
  Sigmund (D:3)
  A wyvern (D:10)
  10 yaks
  A wraith (D:9)
  Menkaure (D:7)
  2 wargs
  An acid dragon (D:10)
  A harpy simulacrum (IceCv)
  A water moccasin (D:9)
  A hydra simulacrum (IceCv)
  12 orc warriors
  A sky beast (D:8)
  3 ogres (D:5)
  2 black bears
  A centaur (D:7)
  A lemure (D:7)
  6 phantoms
  3 bullfrogs
  A scorpion (D:4)
  A gnoll sergeant (D:8)
  A cane toad simulacrum (IceCv)
  2 two-headed ogre simulacra (IceCv)
  3 wights (D:8)
  2 water moccasin zombies (Ossuary)
  14 killer bees
  5 howler monkeys
  5 hounds
  4 jellies
  5 orc priests
  4 iguanas
  2 sleepcaps
  Natasha (thrice) (D:2)
  7 orc wizards
  5 troll simulacra
  A spriggan simulacrum (IceCv)
  2 mummies (Ossuary)
  9 adders
  3 gnolls (D:8)
  3 naga simulacra
  3 ufetubi
  3 adder zombies (Ossuary)
  5 dart slugs
  52 orcs
  7 bats
  11 endoplasms
  4 giant cockroaches
  9 hobgoblins
  12 jackals
  4 quokkas
  4 ball pythons
  4 frilled lizards
  3 gnoll zombies (Ossuary)
  12 goblins
  4 hobgoblin zombies (Ossuary)
  7 kobolds
  A kobold zombie (Ossuary)
  5 orc zombies (Ossuary)
  6 rats
301 creatures vanquished.

Notes
Turn   | Place    | Note
-------+----------+-------------------------------------------
     0 | D:1      | Joey1 the Minotaur Berserker began the quest for the Orb.
     0 | D:1      | Reached XP level 1. HP: 19/19 MP: 0/0
   128 | D:1      | Reached XP level 2. HP: 23/27 MP: 1/1
   335 | D:1      | Reached skill level 4 in Axes
   467 | D:1      | Reached XP level 3. HP: 30/33 MP: 2/2
   737 | D:2      | Noticed Natasha
   746 | D:2      | Killed Natasha
   825 | D:2      | Reached ** piety under Trog
   853 | D:2      | Reached XP level 4. HP: 35/41 MP: 3/3
  1036 | D:2      | Noticed Natasha
  1042 | D:2      | Killed Natasha
  1178 | D:2      | Noticed Natasha
  1192 | D:2      | Killed Natasha
  1193 | D:2      | Reached XP level 5. HP: 25/47 MP: 4/4
  1730 | D:3      | Found a basalt altar of Yredelemnul.
  1740 | D:3      | Reached skill level 5 in Fighting
  1740 | D:3      | Reached skill level 5 in Axes
  1904 | D:3      | Reached *** piety under Trog
  2016 | D:3      | Found an ancient bone altar of Kikubaaqudgha.
  2227 | D:3      | Reached XP level 6. HP: 42/56 MP: 5/5
  2314 | D:3      | Found a stormy altar of Qazlal.
  2314 | D:3      | Found a radiant altar of Vehumet.
  2422 | D:3      | Noticed Sigmund
  2428 | D:3      | Killed Sigmund
  2429 | D:3      | Reached skill level 6 in Axes
  2429 | D:3      | Reached skill level 5 in Dodging
  2782 | D:4      | Found a staircase to the Ecumenical Temple.
  2805 | D:4      | Found a white marble altar of Elyvilon.
  2840 | D:4      | Reached skill level 7 in Axes
  2840 | D:4      | Reached XP level 7. HP: 49/61 MP: 6/6
  3046 | D:4      | Reached skill level 8 in Axes
  3459 | D:4      | Reached skill level 9 in Axes
  3683 | D:5      | Entered Level 5 of the Dungeon
  3871 | D:5      | Reached **** piety under Trog
  3888 | D:5      | Reached skill level 10 in Axes
  3888 | D:5      | Reached XP level 8. HP: 68/68 MP: 7/7
  3950 | D:5      | Reached skill level 11 in Axes
  4261 | D:5      | Found an opulent altar of Gozag.
  4566 | D:5      | Found a sacrificial altar of Ru.
  4703 | D:6      | Reached skill level 12 in Axes
  4825 | D:6      | Found a broken altar of Ashenzari.
  4829 | D:6      | Noticed Prince Ribbit
  4832 | D:6      | Killed Prince Ribbit
  4922 | D:6      | Found Adwe's CLEARANCE SALE!.
  4930 | D:6      | Bought a scroll of revelation for 52 gold pieces
  4930 | D:6      | Bought a scroll of teleportation for 21 gold pieces
  5000 | D:6      | Found a shimmering altar of Xom.
  5015 | D:6      | Noticed Grinder
  5029 | D:6      | Killed Grinder
  5030 | D:6      | Reached skill level 13 in Axes
  5030 | D:6      | Reached XP level 9. HP: 64/74 MP: 8/8
  5231 | D:6      | Found a burning altar of Makhleb.
  5721 | D:7      | Found a sand-covered staircase.
  5729 | Ossuary  | Entered an ossuary
  5763 | Ossuary  | Reached ***** piety under Trog
  5908 | D:7      | Reached skill level 14 in Axes
  5935 | D:7      | Noticed Pikel
  5949 | D:7      | Killed Pikel
  6209 | D:7      | Found a runed translucent door.
  6210 | D:7      | Noticed Crazy Yiuf
  6264 | D:7      | Found Teinorac's Self-Published Books.
  6318 | D:7      | Found a hazy altar of Hepliaklqana.
  6341 | D:7      | Reached skill level 15 in Axes
  6495 | D:7      | Noticed Menkaure
  6498 | D:7      | Killed Menkaure
  6980 | D:8      | Noticed a kobold demonologist
  6987 | D:8      | Noticed a hellwing
  6995 | D:8      | Killed a kobold demonologist
  6996 | D:8      | Reached skill level 16 in Axes
  6996 | D:8      | Reached XP level 10. HP: 47/81 MP: 9/9
  7021 | D:8      | Noticed Erica
  7029 | D:8      | Killed Erica
  7167 | D:8      | Noticed Psyche
  7176 | D:8      | Killed Psyche
  7224 | D:8      | Noticed Maggie
  7229 | D:8      | Killed Maggie
  7381 | D:8      | Found a runed translucent gate.
  7381 | D:8      | Found a runed translucent gate.
  7381 | D:8      | Found a runed translucent gate.
  7382 | D:8      | Identified the +3 shortbow of Ravage {freeze, Str+3}
  7384 | D:8      | Noticed randomguy2701's ghost (novice HOFi)
  7391 | D:8      | Found a viscous altar of Jiyva.
  7825 | D:9      | Reached skill level 10 in Fighting
  8032 | D:9      | Received a gift from Trog
  8360 | D:10     | Entered Level 10 of the Dungeon
  8440 | D:10     | Found a flagged portal.
  8449 | Bailey   | Entered a bailey
  8517 | Bailey   | Reached skill level 17 in Axes
  8807 | Bailey   | Reached XP level 11. HP: 90/99 MP: 10/10
  9005 | Bailey   | Acquired the +2 cloak "Qiryazis" {Rampage rElec rPois
                  | Regen+ Dex-4}
  9261 | D:10     | Reached skill level 18 in Axes
  9731 | D:11     | Found a staircase to the Lair.
  9732 | D:11     | Noticed a two-headed ogre
  9834 | D:11     | Found a frozen archway.
  9931 | IceCv    | Entered an ice cave
 10065 | IceCv    | Reached skill level 5 in Armour
 10108 | IceCv    | Noticed a white ugly thing
 10115 | IceCv    | Slain by a white ugly thing

Illustrated notes

Levels and vault maps discovered:
D:1:      co_arrival_random_square_maze, layout_basic
D:2:      layout_basic, minmay_misc_feat_chi, uniq_natasha
D:3:      minmay_inner_zag, layout_loops_cross, mainiacjoe_overflow_alcove_2,
          kiku_gazebo_garden_becter, nicolae_overflow_hidden_temple,
          gammafunk_temple_overflow_elements, kennysheep_cross_room,
          minmay_strange_pillars, minmay_box_of_dots, uniq_sigmund
D:4:      layout_basic, nicolae_elyvilon_peaceful_grove,
          minmay_temple_entry_junction, serial_corexii_hall,
          corexii_hall_statues_x, corexii_hall_statues_s
D:5:      minmay_general_purpose_star, layout_basic, kennysheep_mini,
          nicolae_gozag_seed_capital
D:6:      layout_gridville, ashenzari_altar_1, makhleb_heckhound_becter,
          old_standard_altar, nicolae_shop_clearance, uniq_prince_ribbit1,
          uniq_grinder
D:7:      layout_loops_ring, mainiacjoe_overflow_chevrons,
          nicolae_ossuary_entry_plus, nicolae_custom_books, uniq_menkaure,
          uniq_crazy_yiuf_cottage, uniq_pikel
D:8:      layout_basic, gammafunk_ghost_ooze, uniq_psyche, uniq_erica,
          uniq_maggie
D:9:      layout_loops_ring, kennysheep_generic_room_7
D:10:     layout_loops_corners, enter_bailey_5
D:11:     minmay_clustersquares, layout_basic, erik_lair_orcish_takeover,
          david_orc_1_choice, portal_ice_cave_entry_ice_simulacra, serial_shops,
          shop, nicolae_diode_intersection
IceCv:    ice_cave_small_demon

Skill      XL: |  1  2  3  4  5  6  7  8  9 10 11 |
---------------+----------------------------------+-----
Fighting       | 4 5 10 | 10.0
Axes           | 4 5 7 10 13 16 17 18 | 18.0
Armour         | 3 5 |  5.7
Dodging        | 3 4 5 6 |  6.7

Action                     |  1- 3 |  4- 6 |  7- 9 | 10-12 || total
---------------------------+-------+-------+-------+-------++-------
  Melee: Hand axe          |    62 |    99 |       |       ||   161
         Headbutt          |     6 |    15 |    36 |    45 ||   102
         War axe           |       |    24 |   206 |   234 ||   464
         Punch             |       |     1 |     2 |     2 ||     5
 Invoke: Berserk           |       |     1 |       |       ||     1
         Trog's Hand       |       |       |     2 |     3 ||     5
         Brothers in Arms  |       |       |       |     1 ||     1
    Use: Scroll            |       |       |     8 |     6 ||    14
 Armour: Animal skin       |    22 |       |       |       ||    22
         Leather armour    |    27 |    33 |       |       ||    60
         Ring mail         |       |    47 |    67 |       ||   114
         Plate armour      |       |       |    70 |   212 ||   282
  Dodge: Dodged            |    51 |    72 |   113 |   136 ||   372

Table legend: (Time is in decaauts)
 A = Elapsed time spent in this place.
 B = Non-inter-level travel time spent in this place.
 C = Inter-level travel time spent in this place.
 D = Time resting spent in this place.
 E = Time spent auto-exploring this place.
 F = Levels seen in this place.
 G = Mean time per level.
                   A        B        C        D        E       F      G
               +--------+--------+--------+--------+--------+-----+--------+
         Total |  10222 |   9632 |    590 |    537 |   7103 |  14 |  730.1 |
       Dungeon |   9299 |   8709 |    590 |    216 |   6993 |  11 |  845.4 |
       Ossuary |    168 |    168 |      0 |      0 |    102 |   1 |  168.0 |
        Bailey |    568 |    568 |      0 |    262 |      8 |   1 |  568.0 |
      Ice Cave |    186 |    186 |      0 |     59 |      0 |   1 |  186.0 |
               +--------+--------+--------+--------+--------+-----+--------+

Top non-repeatable levels by time:
     D:3: 1118 daAuts
     D:7: 1115 daAuts
     D:6: 1009 daAuts
     D:5: 979 daAuts
     D:2: 953 daAuts
     D:4: 922 daAuts
    D:10: 869 daAuts
     D:9: 810 daAuts
     D:1: 737 daAuts
     D:8: 644 daAuts
  Bailey: 568 daAuts
   IceCv: 186 daAuts
 Ossuary: 168 daAuts
    D:11: 138 daAuts
